 Dungeon Crawl Stone Soup version 0.29.1-15-g9cfb28693d (webtiles) character file.

Game seed: 5562659155233433993

46 DemonSlayer the Digger (level 3, 0/24 HPs)
             Began as a Demonspawn Earth Elementalist on Feb 22, 2023.
             Was an Initiate of Dithmenos.
             Slain by an iguana (12 damage)
             ... on level 3 of the Dungeon.
             The game lasted 00:06:00 (2615 turns).

DemonSlayer the Digger (DsEE)                       Turns: 2615, Time: 00:06:01

Health: 0/24       AC:  4    Str:  8    XL:     3   Next: 46%
Magic:  1/7        EV: 12    Int: 18    God:    Dithmenos [......]
Gold:   95         SH:  0    Dex: 15    Spells: 6/7 levels left

rFire   + . .      SeeInvis .   n - +0 dagger
rCold   . . .      Faith    .   (no shield)
rNeg    . . .      Spirit   .   a - +1 robe
rPois   .          Reflect  .   (helmet restricted)
rElec   +          Harm     .   (no cloak)
rCorr   .          Rampage  .   j - +0 pair of gloves
Will    .....                   (no boots)
Stlth   +++.......              (no amulet)
HPRegen 0.08/turn               k - ring "Qeich" {Wiz rElec rF+}
MPRegen 0.10/turn               (no ring)

@: no status effects
A: antennae 1, thin skeletal structure 1
a: Renounce Religion


You were on level 3 of the Dungeon.
You worshipped Dithmenos.
Dithmenos was noncommittal.
You visited 1 branch of the dungeon, and saw 3 of its levels.

You collected 95 gold pieces.

Inventory:

Hand Weapons
 n - a +0 dagger (weapon)
Missiles
 h - 4 curare-tipped darts
Armour
 a - a +1 robe (worn)
 j - a +0 pair of gloves (worn)
Jewellery
 k - the ring "Qeich" (left hand) {Wiz rElec rF+}
   (You found it on level 2 of the Dungeon)

   [ring of wizardry]

   It improves your spell success rate.
   rF:        It protects you from fire.
   rElec:     It insulates you from electricity.
Scrolls
 c - a scroll of fear {unknown}
 d - a scroll of enchant armour
 i - 2 scrolls of immolation {unknown}
 l - 2 scrolls of noise {unknown}
 m - a scroll of butterflies {unknown}
 o - a scroll of identify {unknown}
Potions
 b - 2 potions of heal wounds {unknown}
 f - a potion of haste {unknown}


   Skills:
 + Level 1.9 Dodging
 + Level 2.1 Stealth
 + Level 2.7 Spellcasting
 + Level 0.8 Transmutations
 + Level 3.3 Earth Magic


You had 6 spell levels left.
You knew the following spells:

 Your Spells              Type           Power      Damage    Failure   Level
a - Sandblast             Erth           28%        2d8       1%          1

Your spell library contained the following spells:

 Spells                   Type           Power      Damage    Failure   Level
 Passwall                 Tmut/Erth      8%         N/A       4%          2
 Stone Arrow              Conj/Erth      16%        3d8       11%         3
 Confusing Touch          Hex            2%         N/A       21%         3
 Gell's Gravitas          Tloc           2%         N/A       21%         3
 Teleport Other           Tloc           2%         N/A       21%         3
 Petrify                  Tmut/Erth      10%        N/A       26%         4
 Yara's Violent Unravell  Hex/Tmut       2%         3d3       80%         5
 Dispersal                Tloc           1%         N/A       100%        6
 Enfeeble                 Hex            1%         N/A       100%        7


Dungeon Overview and Level Annotations

Branches:
Dungeon (3/15)

Altars:
Dithmenos


Innate Abilities, Weirdness & Mutations

You have a pair of small antennae on your head.
You have a somewhat thin skeletal structure. (Dex +2, Stealth+)


Message History

Press: ? - help, Shift-Dir - straight line, f - jackal
Aim: a jackal (77% to hit)
The blast of sand misses the jackal.
The jackal closely misses you. The jackal bites you.
Casting: Sandblast (safe; 1% risk of failure)
Confirm with . or Enter, or press ? or * to list all spells.
Aiming: Sandblast (safe; 1% risk of failure)
Press: ? - help, Shift-Dir - straight line, f/p - jackal
Aim: a jackal (77% to hit)
The blast of sand hits the jackal!
You kill the jackal!
Dithmenos accepts your kill.
A jackal comes into view.
As you read the scroll of teleportation, it crumbles to dust.
You feel strangely unstable.
The jackal barks!
You feel better. The iguana closely misses you.
The iguana attacks as you move away! The iguana barely misses you.
Your surroundings suddenly seem different.
The jackal attacks as you move away! The jackal bites you.
The jackal bites you but does no damage.
The jackal barks!
As you read the scroll of teleportation, it crumbles to dust.
You feel strangely unstable.
The jackal bites you but does no damage.
The jackal misses you.
Found 8 gold pieces.
The jackal barely misses you.
Your surroundings suddenly seem different.
Unknown command.
The jackal barks!
You feel better. The jackal barely misses you.
The blast of sand hits the jackal.
The jackal is severely wounded.
The jackal barely misses you. x2
The blast of sand misses the jackal.
The jackal bites you but does no damage.
The iguana bites you! The jackal closely misses you. The iguana bites you!
Ouch! That really hurt!
You die...

#..#.#####
#..#.#...######..# ##
#..#.#...†....#..# ..
#..#.#...####.#..
.#####...........#...
..._.............#.....
###.....l.........#.##...
#......h@h.....####.# #..
.##.#######.......h###..
#h# #...#####..... #h#
##### #.#### #.# #.# #.#
#$# #.# #.# #.##### #.#
.# #.....# #.#


You could see an iguana and 2 jackals.

Vanquished Creatures
  2 dart slugs (D:1)
  3 ball pythons
  2 endoplasms
  2 goblins
  7 hobgoblins
  5 jackals
  3 kobolds
  3 quokkas
  2 bats
  3 frilled lizards
  8 rats
40 creatures vanquished.

Notes
Turn   | Place    | Note
-------+----------+-------------------------------------------
     0 | D:1      | DemonSlayer the Demonspawn Earth Elementalist began the
                  | quest for the Orb.
     0 | D:1      | Reached XP level 1. HP: 13/13 MP: 3/3
   302 | D:1      | Reached skill level 3 in Earth Magic
   302 | D:1      | Gained mutation: You have a pair of small antennae on your
                  | head. [demonic ancestry]
   302 | D:1      | Reached XP level 2. HP: 10/19 MP: 3/5
  1340 | D:2      | Gained mutation: You have a somewhat thin skeletal
                  | structure. (Dex +2, Stealth+) [demonic ancestry]
  1340 | D:2      | Reached XP level 3. HP: 24/24 MP: 3/6
  1399 | D:2      | Found a shadowy altar of Dithmenos.
  1410 | D:2      | Became a worshipper of Dithmenos the Shadowed
  1457 | D:2      | Identified the ring "Qeich" {Wiz rElec rF+}
  2573 | D:3      | Found a faded altar of an unknown god.
  2615 | D:3      | Slain by an iguana

Illustrated notes

Levels and vault maps discovered:
D:1:      spicycebolla_green_bress_n_ham_2, layout_loops_ring,
          nicolae_concentric_dashed_squares_mild
D:2:      layout_rooms, basic_altar, serial_forest,
          infiniplex_forest_straight_2, infiniplex_forest_lined_2,
          infiniplex_forest_side_room, infiniplex_forest_3_way,
          infiniplex_forest_clump_double, infiniplex_forest_clump_diagonal,
          infiniplex_forest_clump_diagonal, infiniplex_forest_lined_room_2,
          infiniplex_forest_end_2
D:3:      layout_loops_ring, basic_ecumenical_altar

Skill      XL: |  1  2 |
---------------+-------+-----
Earth Magic    | 3 |  3.3
Stealth        | 2 |  2.1
Dodging        | |  1.9
Spellcasting   | |  2.7
Transmutations | |  0.8

Action                   || total
-------------------------++-------
Melee: Unarmed           ||     2
       Dagger            ||     2
 Cast: Sandblast         ||    72
  Use: Potion            ||     4
       Scroll            ||     4
 Stab: Sleeping          ||     1
Armor: Robe              ||    17
Dodge: Dodged            ||    22
